 Dungeon Crawl Stone Soup version 0.22-a0-322-g60b3cfd (webtiles) character file.

559 JeffiDaFish the Digger (level 7, 0/36 HPs)
             Began as a Gargoyle Earth Elementalist on Apr 4, 2018.
             Was an Initiate of Vehumet.
             Slain by JeffiDaFish's ghost (11 damage)
             ... on level 5 of the Dungeon.
             The game lasted 00:09:48 (4169 turns).

JeffiDaFish the Digger (GrEE)                       Turns: 4169, Time: 00:09:49

Health: 0/36       AC: 10    Str: 11    XL:     7   Next: 31%
Magic:  3/14       EV: 12    Int: 18    God:    Vehumet [......]
Gold:   180        SH:  0    Dex: 10    Spells: 7/16 levels left

rFire    . . .     SeeInvis +   g - +3 whip (elec)
rCold    . . .     Gourm    .   (no shield)
rNeg     + . .     Faith    .   e - +1 robe
rPois    ∞         Spirit   .   (no helmet)
rElec    +         Reflect  .   c - +2 cloak
rCorr    .         Harm     .   (no gloves)
MR       .....                  (no boots)
Stlth    ++........             (no amulet)
HPRegen  0.12/turn              n - ring of see invisible
MPRegen  0.14/turn              (no ring)

@: no status effects
A: negative energy resistance 1, electricity resistance, unbreathing,
petrification resistance, rot immunity, AC +4
a: Renounce Religion


You were on level 5 of the Dungeon.
You worshipped Vehumet.
Vehumet was noncommittal.
You were not hungry.

You visited 1 branch of the dungeon, and saw 5 of its levels.

You collected 180 gold pieces.

Inventory:

Hand Weapons
 g - a +3 whip of electrocution (weapon)
Missiles
 b - 23 stones (quivered)
Armour
 c - a +2 cloak (worn)
 e - a +1 robe (worn)
Jewellery
 n - a ring of see invisible (left hand)
Scrolls
 h - 2 scrolls of identify
 l - 2 scrolls of amnesia
 m - 2 scrolls of fog
Potions
 f - a potion of haste
 j - 2 potions of curing
Comestibles
 a - 8 chunks of flesh
 d - 13 rations


   Skills:
 - Level 1.5 Dodging
 - Level 2.1 Stealth
 + Level 5.2 Spellcasting
   Level 0.7 Transmutations
 + Level 7.4 Earth Magic


You had 7 spell levels left.
You knew the following spells:

 Your Spells              Type           Power        Failure   Level  Hunger
a - Sandblast             Erth           ####..       1%          1    None
b - Stone Arrow           Conj/Erth      ###...       9%          3    ##.....
c - Lee's Rapid Deconstr  Erth           ####......   17%         5    ######.


Dungeon Overview and Level Annotations

Branches:
Dungeon (5/15)
 Temple: D:4-7

Altars:
Cheibriados
Elyvilon
Makhleb
Uskayaw
Vehumet
Yredelemnul
Zin
The Shining One

Annotations:
D:5 JeffiDaFish's ghost, novice GrFi


Innate Abilities, Weirdness & Mutations

You are resistant to torment.
Your stone body is resilient. (AC +4)
You are immune to poison.
You resist negative energy. (rN+)
You are resistant to electric shocks. (rElec)
You can survive without breathing.
You are immune to petrification.
You are immune to rotting.


Message History

b - 24 stones JeffiDaFish's ghost hits you!
Casting: Sandblast (safe; 1% risk of failure)
Confirm with . or Enter, or press ? or * to list all spells.
Aiming: Sandblast (safe; 1% risk of failure)
Press: ? - help, Shift-Dir - straight line, f/p - JeffiDaFish's ghost
Aim: JeffiDaFish's ghost (moderately damaged)
The blast of sand hits JeffiDaFish's ghost.
JeffiDaFish's ghost is moderately damaged.
b - 23 stones JeffiDaFish's ghost hits you but does no damage.
JeffiDaFish's ghost hits you! JeffiDaFish's ghost hits you.
JeffiDaFish's ghost hits you.
* * * LOW HITPOINT WARNING * * *
JeffiDaFish's ghost says, "Ah, a second chance to prove myself in battle!"
JeffiDaFish's ghost wails, "You will never get the ORB!"
There is a stone staircase leading up here.
JeffiDaFish's ghost hits you!
You die...

.....#...##.# #.#
....##...##.#######.#
....................#
............#########
...#........##
.............# #####
.............# ....
#####........####.### #
#####....).....W@...##..#
...####.###..#.#÷.≈≈≈≈≈.#
##.# #.##.÷.#.#.÷≈###≈.#
#.# #.##...#.#=..+ #.#
#.##.......#≈#
#.####.###....###≈≈≈
#......# #...... ..##
######## ###########


You could see JeffiDaFish's ghost.

Vanquished Creatures
  Sigmund (D:2)
  An ogre (D:4)
  Crazy Yiuf (D:2)
  An orc priest (D:4)
  A bullfrog skeleton (D:4)
  An orc wizard (D:4)
  Terence (D:3)
  A hound zombie (D:5)
  2 hound skeletons
  5 adders
  An ooze (D:1)
  An adder skeleton (D:4)
  4 worms
  A dart slug (D:3)
  3 orcs (D:4)
  A ball python (D:2)
  2 giant cockroaches (D:2)
  2 goblins
  8 hobgoblins
  9 jackals
  A ball python skeleton (D:4)
  5 bats
  A frilled lizard (D:2)
  6 kobolds
  A quokka zombie (D:5)
  5 rats
66 creatures vanquished.

Notes
Turn   | Place    | Note
-------+----------+-------------------------------------------
     0 | D:1      | JeffiDaFish the Gargoyle Earth Elementalist began the quest for the Orb.
     0 | D:1      | Reached XP level 1. HP: 10/10 MP: 3/3
   369 | D:1      | Reached skill level 4 in Earth Magic
   369 | D:1      | Reached XP level 2. HP: 15/15 MP: 1/5
   980 | D:2      | Reached XP level 3. HP: 19/19 MP: 4/7
   988 | D:2      | Learned a level 3 spell: Stone Arrow
  1201 | D:2      | Found a white marble altar of Elyvilon.
  1565 | D:2      | Noticed Sigmund
  1577 | D:2      | Killed Sigmund
  1577 | D:2      | Reached skill level 5 in Earth Magic
  1577 | D:2      | Reached XP level 4. HP: 24/24 MP: 0/10
  1577 | D:2      | Reached XP level 5. HP: 28/28 MP: 0/11
  1616 | D:2      | Found a runed door.
  1662 | D:2      | Noticed Crazy Yiuf
  1667 | D:2      | Killed Crazy Yiuf
  1667 | D:2      | Reached skill level 6 in Earth Magic
  1667 | D:2      | Reached XP level 6. HP: 32/32 MP: 2/12
  2211 | D:3      | Learned a level 5 spell: Lee's Rapid Deconstruction
  2280 | D:3      | Noticed Terence
  2290 | D:3      | Killed Terence
  2361 | D:3      | Found a glowing silver altar of Zin.
  2363 | D:3      | Found a radiant altar of Vehumet.
  2404 | D:3      | Found a glowing golden altar of the Shining One.
  2409 | D:3      | Became a worshipper of Vehumet
  2619 | D:3      | Found a burning altar of Makhleb.
  3048 | D:4      | Found a hide-covered altar of Uskayaw.
  3459 | D:4      | Reached skill level 7 in Earth Magic
  3459 | D:4      | Reached XP level 7. HP: 36/36 MP: 8/14
  3465 | D:4      | Reached skill level 5 in Spellcasting
  3538 | D:4      | Found a basalt altar of Yredelemnul.
  3628 | D:4      | Found a snail-covered altar of Cheibriados.
  3985 | D:5      | Entered Level 5 of the Dungeon
  4138 | D:5      | Noticed JeffiDaFish's ghost (novice GrFi)
  4169 | D:5      | Slain by JeffiDaFish's ghost

Vault maps used:
D:1:      nzn_arrival_depleted_hourglass, serial_bayou_ford_a,
          serial_bayou_pond_a
D:2:      elyvilon_altar_5, serial_bayou_lagoon_a, roderic_serpentine_path,
          uniq_crazy_yiuf_cottage, uniq_sigmund
D:3:      old_standard_altar, grunt_temple_overflow_open, uniq_terence
D:4:      eat_drink_and_be_merry_uskayaw, overflow_temple_1_default,
          first_ration, glass_columns_a, yredelemnul_altar_generic
D:5:      kennysheep_mini_moat

Skill      XL: |  1  2  3  4  5  6  7 |
---------------+----------------------+-----
Earth Magic    | 4 5 6 7 |  7.4
Spellcasting   | 4 5 |  5.2
Dodging        | |  1.5
Stealth        | |  2.1
Transmutations | |  0.7

Action                   |  1- 3 |  4- 6 |  7- 9 || total
-------------------------+-------+-------+-------++-------
Melee: Unarmed           |     4 |       |       ||     4
       Whip              |    18 |    44 |    51 ||   113
 Cast: Sandblast         |    35 |    15 |     7 ||    57
       Stone Arrow       |     1 |    10 |     4 ||    15
       Lee's Rapid Decon |       |       |     3 ||     3
  Use: Potion            |     3 |     1 |     1 ||     5
       Scroll            |     5 |     5 |     2 ||    12
 Stab: Sleeping          |     1 |     1 |       ||     2
  Eat: Chunk             |     2 |     4 |     3 ||     9
       Ration            |       |     1 |       ||     1
Armor: Robe              |    10 |    21 |    29 ||    60
Dodge: Dodged            |    25 |    35 |    49 ||   109

Table legend:
 A = Spawn XP
 B = Non-spawn XP
 C = Spawn XP percentage of total XP
 D = Spawn monster count
 E = Non-spawn monster count
 F = Spawn count percentage of total count
 G = Total turns spent on level
                    A         B        C        D         E        F      G
               +---------+---------+-------+---------+---------+-------+---------
         Total |       0 |     799 |   0.0 |       0 |      66 |   0.0 |  4169
               +---------+---------+-------+---------+---------+-------+---------
           D:1 |       0 |      21 |   0.0 |       0 |      10 |   0.0 |   695
           D:2 |       0 |     328 |   0.0 |       0 |      23 |   0.0 |  1219
           D:3 |       0 |      80 |   0.0 |       0 |      10 |   0.0 |  1025
           D:4 |       0 |     315 |   0.0 |       0 |      13 |   0.0 |  1046
           D:5 |       0 |      55 |   0.0 |       0 |      10 |   0.0 |   184
               +---------+---------+-------+---------+---------+-------+---------
